 Dungeon Crawl Stone Soup version 0.30-a0-422-g946f4849ff (webtiles) character file.

Game seed: 5157330704734508959

694 cforsyth the Cleaver (level 7, -11/67 HPs)
             Began as a Hill Orc Monk on Dec 8, 2022.
             Mangled by a mummy (16 damage)
             ... in an ossuary.
             The game lasted 00:08:26 (3546 turns).

cforsyth the Cleaver (Hill Orc Monk)                Turns: 3546, Time: 00:08:27

Health: -11/67     AC:  8    Str: 16    XL:     7   Next: 64%
Magic:  7/7        EV: 10    Int:  5    God:
Gold:   129        SH:  0    Dex: 18    Spells: 6/6 levels left

rFire   . . .      SeeInvis .    a - +0 hand axe
rCold   . . .      Faith    .    (no shield)
rNeg    . . .      Spirit   .    m - +1 scale mail of the Crypt {Int-5 Dex+5}
rPois   .          Reflect  .    (no helmet)
rElec   .          Harm     .    b - +0 cloak
rCorr   .          Rampage  .    (no gloves)
Will    .....                    (no boots)
Stlth   +.........               (no amulet)
HPRegen 0.31/turn                (no ring)
MPRegen 0.10/turn                (no ring)

@: mighty, attractive, flying, hasted, very quick
A: no striking features
a: no special abilities


You were in an ossuary.
You visited 1 branch of the dungeon, and saw 4 of its levels.
You also visited: Ossuary.

You collected 129 gold pieces.

Inventory:

Hand Weapons
 a - a +0 hand axe (weapon)
Armour
 b - a +0 cloak (worn)
 m - the +1 scale mail of the Crypt (worn) {Int-5 Dex+5}
   (You found it on level 2 of the Dungeon)

   Int:       It affects your intelligence (-5).
   Dex:       It affects your dexterity (+5).
Jewellery
 h - a ring of positive energy
Scrolls
 e - 2 scrolls of teleportation {unknown}
 f - a scroll of enchant weapon {unknown}
 j - 2 scrolls of blinking {unknown}
 l - a scroll of identify {unknown}
 p - a scroll of amnesia {unknown}
 r - a scroll of vulnerability {unknown}
 u - a scroll of poison {unknown}
Potions
 c - a potion of ambrosia
 g - 2 potions of flight
 i - 3 potions of might
 k - 3 potions of magic
 n - a potion of attraction
 o - a potion of heal wounds {unknown}
 q - a potion of curing
 s - a potion of degeneration {unknown}
 t - a potion of lignification {unknown}


   Skills:
 + Level 7.8 Fighting
 + Level 8.5 Axes
 - Level 2.4 Dodging
 - Level 1.5 Stealth


You had 6 spell levels left.
You didn't know any spells.
Your spell library contained the following spells:

 Spells                   Type           Power      Damage    Failure   Level
 Slow                     Hex            0%         N/A       90%         1
 Cigotuvi's Dreadful Rot  Necr/Pois/Air  0%         N/A       97%         2
 Poisonous Vapours        Pois/Air       0%         N/A       97%         2
 Confusing Touch          Hex            0%         N/A       99%         3
 Mephitic Cloud           Conj/Pois/Air  0%         N/A       99%         3
 Vampiric Draining        Necr           0%         2d6       99%         3
 Blade Hands              Tmut           0%         N/A       100%        5
 Irradiate                Conj/Tmut      0%         3d11      100%        5
 Dragon Form              Tmut           0%         N/A       100%        7


Dungeon Overview and Level Annotations

Branches:
Dungeon (4/15)            Ossuary (1/1)
 Temple: D:4-7

Altars:
Gozag
Qazlal

Shops:
D:3 :   D:4 *

Annotations:
D:3 1 runed translucent door, sirJeffrey23's ghost, amateur OgFE
D:4 1 transporter, Taurus's ghost, novice MiFi


Message History

Unknown command.
You hit the scorpion.
The scorpion is moderately wounded.
The scorpion stings you.
* * * LOW HITPOINT WARNING * * *
Unknown command.
You slice the scorpion!!
You kill the scorpion!
The mummy is attracted toward you.
Unknown command.
You slash the centaur zombie!
The centaur zombie is moderately damaged.
The centaur zombie hits you but does no damage.
The centaur zombie closely misses you.
Unknown command.
Unknown command.
You slash the centaur zombie!
The centaur zombie is severely damaged.
Unknown command.
You slash the centaur zombie!
The centaur zombie is almost destroyed.
The centaur zombie closely misses you. The centaur zombie kicks you.
* * * LOW HITPOINT WARNING * * *
Unknown command.
You hit the centaur zombie.
You destroy the centaur zombie!
The mummy is attracted toward you.
Unknown command.
You hit the mummy but do no damage. The mummy barely misses you.
Unknown command.
You slash the mummy!
The mummy is moderately damaged.
Unknown command.
You slash the mummy!
The mummy is almost destroyed.
Unknown command.
You barely miss the mummy.
The mummy is almost destroyed.
The mummy hits you!
You die...

...#...#..sZ...#!!?#
...8...#..s8...#!.!#
..†....#Z.s# #?!!#
#8...8###'##########
.......#...#...#...#
...8...#...'...'...#
...#...#...#...#.§.#
#####'###########M##
...#...#.....#..@..#
...#...'.....#.....#
...#...#.....8.....#
.8######...........#
...#...#...........#
...#...###8.....8###
...#...#...........#
#'###'##...........#
...#...#.....8.....#


You could see a mummy.

Vanquished Creatures
  5 scorpions (Ossuary)
  2 hounds (D:4)
  A centaur zombie (Ossuary)
  A human zombie (Ossuary)
  A jelly (D:4)
  5 scorpion zombies (Ossuary)
  A mummy (Ossuary)
  4 gnolls (D:3)
  3 adders
  A worm (D:2)
  2 dart slugs
  2 orcs (D:4)
  6 bats
  2 endoplasms
  3 giant cockroaches
  2 gnoll zombies (Ossuary)
  2 hobgoblins (D:1)
  3 jackals (D:1)
  A quokka (D:2)
  5 ball pythons
  4 frilled lizards
  5 goblins (D:1)
  2 hobgoblin zombies
  5 kobolds
  3 kobold zombies (Ossuary)
  4 rats
75 creatures vanquished.

Vanquished Creatures (others)
  8 plants (D:3)
8 creatures vanquished.

Grand Total: 83 creatures vanquished

Notes
Turn   | Place    | Note
-------+----------+-------------------------------------------
     0 | D:1      | cforsyth the Hill Orc Monk began the quest for the Orb.
     0 | D:1      | Reached XP level 1. HP: 19/19 MP: 1/1
   163 | D:1      | Reached XP level 2. HP: 25/27 MP: 2/2
   239 | D:1      | Found a faded altar of an unknown god.
   533 | D:1      | Reached XP level 3. HP: 34/34 MP: 3/3
  1064 | D:2      | Reached skill level 5 in Axes
  1179 | D:2      | Identified the +1 scale mail of the Crypt {Int-5 Dex+5}
  1675 | D:3      | Found Qoaq's Book Shop.
  1714 | D:3      | Found a stormy altar of Qazlal.
  1787 | D:3      | Found a runed translucent door.
  1788 | D:3      | Noticed sirJeffrey23's ghost (amateur OgFE)
  1960 | D:3      | Reached XP level 4. HP: 37/41 MP: 4/4
  2156 | D:3      | Found an opulent altar of Gozag.
  2260 | D:3      | Reached skill level 5 in Fighting
  2533 | D:4      | Found a transporter.
  2536 | D:4      | Noticed Taurus's ghost (novice MiFi)
  2553 | D:4      | Reached skill level 6 in Axes
  2553 | D:4      | Reached XP level 5. HP: 43/48 MP: 5/5
  2665 | D:4      | Found Vilia's General Store.
  2713 | D:4      | Found a sand-covered staircase.
  2725 | Ossuary  | Entered an ossuary
  2753 | Ossuary  | Reached XP level 6. HP: 39/57 MP: 6/6
  2769 | Ossuary  | Reached skill level 7 in Axes
  3281 | Ossuary  | Reached XP level 7. HP: 50/66 MP: 7/7
  3400 | Ossuary  | Reached skill level 8 in Axes
  3531 | Ossuary  | HP: 3/66 [scorpion (2)]
  3546 | Ossuary  | Mangled by a mummy

Illustrated notes

Levels and vault maps discovered:
D:1:      heliophobic_arrival_ceremonial_halls, layout_loops_ring,
          hellmonk_ecumenical_altar_dog_temple, st_stairs_8, roderic_lattice_a,
          minmay_indecisive_spiral
D:2:      layout_loops_cross
D:3:      layout_loops_cross, mainiacjoe_overflow_small_starburst,
          nicolae_gozag_cash_rules_everything_around_me, serial_shops,
          nicolae_diamond_shop, gammafunk_ghost_grave, minmay_fountain_box,
          kennysheep_flooded_box, serial_bayou_crossing
D:4:      layout_loops_ring, enter_ossuary_3, gammafunk_ghost_arena,
          serial_shops, nicolae_shop_overgrown_old_shop, nicolae_stop_n_shop_1,
          sigmund_army
Ossuary:  ossuary_minmay_scorpions

Skill      XL: |  1  2  3  4  5  6  7 |
---------------+----------------------+-----
Fighting       | 4 5 6 7 |  7.8
Axes           | 5 6 7 8 |  8.5
Dodging        | |  2.4
Stealth        | |  1.5

Action                   |  1- 3 |  4- 6 |  7- 9 || total
-------------------------+-------+-------+-------++-------
Melee: Hand axe          |   108 |   187 |    82 ||   377
       Punch             |     1 |     3 |     2 ||     6
  Use: Potion            |       |       |     6 ||     6
 Stab: Sleeping          |     1 |       |       ||     1
Armor: Robe              |    16 |       |       ||    16
       Scale mail        |    10 |    79 |    33 ||   122
Dodge: Dodged            |    71 |    74 |    32 ||   177

Table legend: (Time is in decaauts)
 A = Elapsed time spent in this place.
 B = Non-inter-level travel time spent in this place.
 C = Inter-level travel time spent in this place.
 D = Time resting spent in this place.
 E = Time spent auto-exploring this place.
 F = Levels seen in this place.
 G = Mean time per level.
                   A        B        C        D        E       F      G
               +--------+--------+--------+--------+--------+-----+--------+
         Total |   3539 |   3454 |     85 |    396 |   2152 |   5 |  707.8 |
       Dungeon |   2736 |   2651 |     85 |      0 |   2087 |   4 |  684.0 |
       Ossuary |    802 |    802 |      0 |    396 |     65 |   1 |  802.0 |
               +--------+--------+--------+--------+--------+-----+--------+

Top non-repeatable levels by time:
     D:1: 1003 daAuts
     D:3: 875 daAuts
 Ossuary: 802 daAuts
     D:2: 666 daAuts
     D:4: 191 daAuts
